 Dungeon Crawl Stone Soup version 0.30-a0-782-ge64f9170bb (webtiles) character file.

Game seed: 9351516755322157094

71 theswoord the Shooter (level 4, -3/25 HPs)
             Began as a Deep Elf Hunter on Feb 23, 2023.
             Slain by a hobgoblin (4 damage)
             ... led by Robin
             ... on level 1 of the Dungeon.
             The game lasted 00:01:17 (1130 turns).

theswoord the Shooter (Deep Elf Hunter)             Turns: 1130, Time: 00:01:17

Health: -3/25      AC:  4    Str: 10    XL:     4   Next: 5%
Magic:  15/15      EV: 12    Int: 14    God:
Gold:   41         SH:  0    Dex: 18    Spells: 3/3 levels left

rFire   . . .      SeeInvis .    a - +0 shortbow
rCold   . . .      Faith    .    (shield currently unavailable)
rNeg    . . .      Spirit   .    c - +1 leather armour
rPois   .          Reflect  .    (no helmet)
rElec   .          Harm     .    (no cloak)
rCorr   .          Rampage  .    (no gloves)
Will    .....                    (no boots)
Stlth   ++                       (no amulet)
HPRegen 0.24/turn                i - ring of magical power
MPRegen 0.14/turn                (no ring)

@: no status effects
A: no striking features
a: no special abilities


You were on level 1 of the Dungeon.
You visited 1 branch of the dungeon, and saw 2 of its levels.

You collected 41 gold pieces.

Inventory:

Hand Weapons
 a - a +0 shortbow (weapon)
Armour
 c - a +1 leather armour (worn)
Jewellery
 i - a ring of magical power (left hand)
Scrolls
 b - a scroll of immolation
Potions
 d - a potion of mutation {unknown}
 e - 2 potions of haste
 f - a potion of curing {unknown}
 g - a potion of flight {unknown}
 h - a potion of brilliance {unknown}
 k - a potion of heal wounds {unknown}


   Skills:
 - Level 1.5 Fighting
 + Level 7.5 Ranged Weapons
 - Level 2.4 Dodging
 - Level 1.2 Stealth


You had 3 spell levels left.
You didn't know any spells.
Your spell library was empty.

Dungeon Overview and Level Annotations

Branches:
Dungeon (2/15)

Altars:

Annotations:
D:2 Robin


Message History

You shoot an arrow. The goblin shouts!
The arrow hits the goblin.
You hear a shout! x2
The goblin hits you but does no damage.
Robin roars a battlecry!
The goblins go into a battle-frenzy!
You shoot an arrow. The arrow closely misses the goblin.
The arrow barely misses the hobgoblin.
The goblin hits you but does no damage.
A goblin comes into view. It is wielding a +0 dagger.
Robin roars a battlecry!
The goblin goes into a battle-frenzy!
You hear a shout!
You shoot an arrow. The arrow hits the goblin.
You kill the goblin!
A rat comes into view.
You shoot an arrow. The arrow hits the hobgoblin.
The hobgoblin hits you.
A hobgoblin comes into view.
The hobgoblin hits you but does no damage.
Robin throws the goblin at you! The hobgoblin barely misses you.
The hobgoblin hits you but does no damage.
Robin throws the goblin at you! The goblin misses you.
You climb upwards.
There is a stone staircase leading down here.
You shoot an arrow. The arrow closely misses the hobgoblin.
The goblin hits you with a +0 dagger. The hobgoblin hits you.
The hobgoblin closely misses you.
You shoot an arrow.
The arrow hits the hobgoblin but does no damage.
The goblin hits you with a +0 dagger.
* * * LOW HITPOINT WARNING * * *
The hobgoblin hits you.
* * * LOW HITPOINT WARNING * * *
The hobgoblin hits you.
* * * LOW HITPOINT WARNING * * *
The goblin hits you with a +0 dagger.
* * * LOW HITPOINT WARNING * * *
The hobgoblin barely misses you. The hobgoblin hits you.
You die...

#.#..# #...#.##..# #.#..#
###...#.##.## #.#..#
#.....'....## ##'#..#
#.#...##.#### #.....#
#.#......##†.
#.....####.#...#####†.
#..)..#......### #÷#..
#....g..##.#######.##.
#....@g.............##
#####'#.g####.########.÷.
#...............#....##..
#.......)####.#.#.#######
#........#....#.#.#.....#
#####+#..#.##.#...#####.#
###+#..#....#.........#
#..†...#............#.#
#......#..#.#..####.###


You could see 2 hobgoblins and a goblin (strong).

Vanquished Creatures
  Jessica (D:2)
  A gnoll (D:1)
  4 bats
  2 endoplasms
  8 goblins
  2 hobgoblins
  4 jackals (D:2)
  3 ball pythons
  2 frilled lizards (D:1)
  4 kobolds (D:1)
  3 rats (D:2)
34 creatures vanquished.

Notes
Turn   | Place    | Note
-------+----------+-------------------------------------------
     0 | D:1      | theswoord the Deep Elf Hunter began the quest for the Orb.
     0 | D:1      | Reached XP level 1. HP: 12/12 MP: 3/3
   365 | D:1      | Reached skill level 6 in Ranged Weapons
   365 | D:1      | Reached XP level 2. HP: 16/16 MP: 4/4
   862 | D:2      | Reached XP level 3. HP: 20/20 MP: 5/5
   954 | D:2      | Noticed Jessica
   974 | D:2      | Killed Jessica
   975 | D:2      | Reached skill level 7 in Ranged Weapons
  1110 | D:2      | Noticed Robin
  1113 | D:2      | Reached XP level 4. HP: 25/25 MP: 6/6
  1130 | D:1      | HP: 1/25 [goblin/+0 dagger[Robin] (1)]
  1130 | D:1      | Slain by a hobgoblin

Skill      XL: |  1  2  3 |
---------------+----------+-----
Ranged Weapons | 6 7 |  7.5
Fighting       | |  1.5
Dodging        | |  2.4
Stealth        | |  1.2

Action                     |  1- 3 |  4- 6 || total
---------------------------+-------+-------++-------
   Fire: Shortbow          |    90 |     8 ||    98
    Use: Scroll            |     4 |       ||     4
 Armour: Leather armour    |    22 |     7 ||    29
  Dodge: Dodged            |    49 |    10 ||    59

Levels and vault maps discovered:
D:1:      dpeg_arrival_pits, layout_basic, minmay_statues_item,
          wander_ebering_terrifying_dragon_lair
D:2:      layout_basic, uniq_jessica, uniq_robin
